 Dungeon Crawl Stone Soup version 0.32-a0-401-g0bcb2a7693 (webtiles) character file.

Game seed: 11386892789720751350

805 Ijustatesigmund the Digger (level 7, -2/42 HPs)
             Began as a Gargoyle Earth Elementalist on Feb 20, 2024.
             Incinerated by a bombardier beetle (4 damage)
             ... with a burning spray
             ... on level 4 of the Dungeon.
             The game lasted 00:08:23 (4304 turns).

Ijustatesigmund the Digger (GrEE)                   Turns: 4304, Time: 00:08:24

Health: -2/42      AC:  8    Str: 11    XL:     7   Next: 91%
Magic:  2/13       EV: 11    Int: 18    God:
Gold:   509        SH:  0    Dex: 10    Spells: 10/14 levels left

rFire   . . .        h - +0 spear
rCold   . . .        (no shield)
rNeg    + . .        a - +0 robe
rPois   ∞            (no helmet)
rElec   +            (no cloak)
rCorr   .            A - +0 pair of gloves
SInv    .            d - +0 pair of boots
Will    +....        (no amulet)
Stlth   +            (no ring)
HPRegen 0.27/turn    (no ring)
MPRegen 0.13/turn

%: no passive effects
@: mighty, on fire, enlightened, flying, glowing
A: sickness immunity, AC +4, negative energy resistance 1, electricity
resistance, torment resistance 1, petrification resistance
a: no special abilities


You were on level 4 of the Dungeon.
You visited 1 branch of the dungeon, and saw 5 of its levels.

You collected 509 gold pieces.

Inventory:

Hand Weapons
 e - a +0 flail
 h - a +0 spear (weapon)
Missiles
 t - a throwing net
Armour
 a - a +0 robe (worn)
 d - a +0 pair of boots (worn)
 y - the +3 robe "Nissa" {Int+4 SInv}
   (You found it on level 4 of the Dungeon)

   Int+4:     It affects your intelligence (+4).
   SInv:      It lets you see invisible.
 A - a +0 pair of gloves (worn)
Jewellery
 v - a +6 ring of strength
 w - a ring of positive energy
Wands
 x - a wand of iceblast (10)
 z - a wand of mindburst (13)
Scrolls
 b - a scroll of enchant armour {unknown}
 c - 3 scrolls of identify {unknown}
 f - a scroll of teleportation
 k - a scroll of revelation {unknown}
 m - a scroll of torment {unknown}
 p - a scroll of poison {unknown}
 q - a scroll of noise {unknown}
 r - a scroll of summoning {unknown}
 u - a scroll of brand weapon {unknown}
Potions
 g - a potion of haste {unknown}
 i - a potion of enlightenment
 j - a potion of heal wounds {unknown}
 n - 2 potions of resistance {unknown}
 o - a potion of might
 s - a potion of invisibility {unknown}


   Skills:
 - Level 3.6 Fighting
 + Level 1.7 Maces & Flails
 - Level 1.5 Dodging
 - Level 2.1 Stealth
 + Level 4.3 Spellcasting
 + Level 4.7 Conjurations
 + Level 6.2 Earth Magic


You had 10 spell levels left.
You knew the following spells:

 Your Spells              Type           Power      Damage    Failure   Level
a - Sandblast             Erth           52%        2d12      1%          1
b - Stone Arrow           Conj/Erth      46%        3d9       4%          3

Your spell library contained the following spells:

 Spells                   Type           Power      Damage    Failure   Level
 Passwall                 Erth           26%        N/A       3%          3
 Shock                    Conj/Air       48%        1d6       5%          1
 Brom's Barrelling Bould  Conj/Erth      23%        2d4       16%         4
 Petrify                  Alch/Erth      15%        N/A       36%         4
 Swiftness                Air            3%         N/A       38%         3
 Airstrike                Air            1%         2d(1-17)  80%         4


Dungeon Overview and Level Annotations

Branches:
Dungeon (5/15)
 Temple: D:4-7

Altars:
Dithmenos

Shops:
D:1 :   D:3 (:   D:4 (

Annotations:
D:3 Sigmund
D:4 1 runed translucent door


Innate Abilities, Weirdness & Mutations

You are immune to sickness and miasma.
Your stone body is resilient. (AC +4)
You are immune to poison.
You resist negative energy. (rN+)
You are resistant to electric shocks. (rElec)
You are resistant to unholy torment.
You are immune to petrification.


Message History

It was a potion of might.
You feel very mighty all of a sudden. The liquid fire burns you!
The bombardier beetle misses you.
You hit the bombardier beetle.
The bombardier beetle is severely wounded.
The liquid fire burns you!
You hit the bombardier beetle.
The bombardier beetle is almost dead.
The liquid fire burns you!
The bombardier beetle sprays incendiary fluid at you.
The burning spray hits you.
You are even more covered in liquid fire!
You puncture the bombardier beetle!
You kill the bombardier beetle!
The liquid fire burns you!
You shake off some of the fire as you move.
The liquid fire burns you!
* * * LOW HITPOINT WARNING * * *
There is an open door, spattered with blood here.
Things that are here:
an adder corpse; a ball python corpse You shake off some of the fire as you move.
The liquid fire burns you!
* * * LOW HITPOINT WARNING * * *
You feel better. The liquid fire burns you!
* * * LOW HITPOINT WARNING * * *
You shake off some of the fire as you move.
The liquid fire burns you!
* * * LOW HITPOINT WARNING * * *
Found 12 gold pieces.
You shake off some of the fire as you move.
The liquid fire burns you!
* * * LOW HITPOINT WARNING * * *
It was a potion of enlightenment.
You feel very buoyant.
You fly up into the air.
The liquid fire burns you!
You die...

#.#
#.#...##...'.....
#.#
#.#...##...'.....
#.#
#.'..#..#..##...#
#.#
#.##......####...
##.#
#.###....##.###.#
####..# #.#
#######.##...
......##
#+#†####..#.#....#.
.......#
#......#........#..
.......#
#.@.$..#..#..#....#
.......#
#.$##..#....÷##...#
......## #..#
$.#.........#.
......# #..$
$.#..#.###....
#####.# #...
.#..#.####### #.#
##### ##..#..#~~~~~
#.# ####..+~~~~.
#.## ######
####..#~~~~~ #..#
####....##
#.....######


There were no monsters in sight!

Vanquished Creatures
  The ghost of brrff the Shooter, an amateur MiHu of Elyvilon (D:4)
  An ogre (D:4)
  A bullfrog (D:5)
  A scorpion (D:5)
  2 bombardier beetles (D:4)
  A hound (D:4)
  A jelly (D:4)
  2 iguanas
  7 gnolls
  5 adders
  2 ufetubi (D:4)
  4 ribbon worms
  2 dart slugs
  8 orcs
  7 endoplasms
  4 giant cockroaches
  5 goblins
  5 hobgoblins
  3 jackals (D:2)
  3 kobolds
  5 quokkas
  9 ball pythons
  4 bats
  4 frilled lizards
  7 rats
94 creatures vanquished.

Notes
Turn   | Place    | Note
-------+----------+-------------------------------------------
     0 | D:1      | Ijustatesigmund the Gargoyle Earth Elementalist began the
                  | quest for the Orb.
     0 | D:1      | Reached XP level 1. HP: 10/10 MP: 3/3
    77 | D:1      | Found Nouq's Book Shoppe.
    77 | D:1      | Noticed a walking frostbound tome
    79 | D:1      | Noticed a walking earthen tome
    94 | D:1      | Reached XP level 2. HP: 16/16 MP: 1/5
   412 | D:1      | Reached skill level 1 in Fighting
   454 | D:1      | Reached skill level 4 in Earth Magic
   508 | D:1      | Reached XP level 3. HP: 20/20 MP: 4/6
   983 | D:2      | Found a faded altar of an unknown god.
  1079 | D:2      | Reached XP level 4. HP: 25/25 MP: 5/7
  1415 | D:2      | Learned a level 3 spell: Stone Arrow
  2050 | D:3      | Reached XP level 5. HP: 25/30 MP: 7/9
  2127 | D:3      | Found Ilonot's Vocational Training.
  2179 | D:3      | Noticed Sigmund
  2250 | D:3      | Found Naaggint's Weapon Boutique.
  2655 | D:4      | Noticed an ogre
  2658 | D:4      | Killed an ogre
  2659 | D:4      | Reached skill level 5 in Earth Magic
  2659 | D:4      | Reached XP level 6. HP: 36/36 MP: 5/10
  2743 | D:4      | Found a shadowy altar of Dithmenos.
  2920 | D:4      | Found a runed translucent door.
  2926 | D:4      | Noticed brrff's ghost (amateur MiHu)
  2948 | D:5      | Entered Level 5 of the Dungeon
  3277 | D:5      | Reached XP level 7. HP: 32/41 MP: 10/12
  3578 | D:4      | Found a runed translucent door.
  3686 | D:4      | Found Meot's Weapon Boutique.
  3727 | D:4      | Identified the +3 robe "Nissa" {Int+4 SInv}
  3762 | D:4      | Killed brrff's ghost
  3763 | D:4      | Reached skill level 1 in Maces & Flails
  3763 | D:4      | Reached skill level 6 in Earth Magic
  3948 | D:4      | HP: 2/42 [burnt (5)]
  4303 | D:4      | HP: 2/42 [burnt (4)]
  4304 | D:4      | Incinerated by a bombardier beetle

Illustrated notes

Levels and vault maps discovered:
D:1:      heliophobic_arrival_enchanted_forest, layout_rooms, serial_shops,
          nicolae_shop_mannequins, minmay_misc_feat_tiny
D:2:      layout_loops_ring, basic_ecumenical_altar
D:3:      layout_rooms, serial_shops, shop, nicolae_shop_vocational,
          uniq_sigmund
D:4:      minmay_polygon_palace, layout_rooms,
          grunt_dithmenos_smoke_and_mirrors, ebering_ghost_sewer_f,
          serial_shops, nicolae_shop_back_alley_shop, hangedman_decor_lopped
D:5:      layout_loops_ring, serial_shops, shop

Skill      XL: |  1  2  3  4  5  6  7 |
---------------+----------------------+-----
Fighting       | 1 2 3 |  3.6
Earth Magic    | 4 5 6 |  6.2
Conjurations   | 2 3 4 |  4.7
Spellcasting   | 3 4 |  4.3
Maces & Flails | 1 |  1.7
Dodging        | |  1.5
Stealth        | |  2.1

Action                     |  1- 3 |  4- 6 |  7- 9 || total
---------------------------+-------+-------+-------++-------
  Melee: Spear             |    16 |    67 |    20 ||   103
   Cast: Sandblast         |    39 |    50 |    25 ||   114
         Stone Arrow       |       |     6 |    13 ||    19
  Evoke: Wand              |       |       |     4 ||     4
    Use: Scroll            |     1 |       |       ||     1
         Potion            |       |     1 |     5 ||     6
   Stab: Sleeping          |     1 |       |       ||     1
 Armour: Robe              |    20 |    81 |    21 ||   122
  Dodge: Dodged            |    26 |    87 |    18 ||   131

Table legend: (Time is in decaauts)
 A = Elapsed time spent in this place.
 B = Non-inter-level travel time spent in this place.
 C = Inter-level travel time spent in this place.
 D = Time resting spent in this place.
 E = Time spent auto-exploring this place.
 F = Levels seen in this place.
 G = Mean time per level.
                   A        B        C        D        E       F      G
               +--------+--------+--------+--------+--------+-----+--------+
         Total |   4376 |   4245 |    131 |   1144 |   2418 |   5 |  875.2 |
       Dungeon |   4376 |   4245 |    131 |   1144 |   2418 |   5 |  875.2 |
               +--------+--------+--------+--------+--------+-----+--------+

Top non-repeatable levels by time:
     D:4: 1300 daAuts
     D:2: 971 daAuts
     D:1: 921 daAuts
     D:3: 664 daAuts
     D:5: 519 daAuts
